General information
- name: BNet
- type: Ladder team game (AT/RT)
- host: Battle.net
- saver: GODIEPLZ
map: GnollWood
- players: 6
- length: 20:32
- speed: Fast
- version: 1.24 W3XP
- replay type: Public
» download(202 KB)
Players
team 1 (loser)
Emerald_FuRy (
blue | 67 APM | 1374 actions | 20:28)
4 Death Knight
3 Death Coil
1 Death Pact
2 Lich
1 Frost Nova
1 Frost Armor
» actions
| Assign group hotkey | 26 | |
| Basic commands | 64 | |
| Build / train | 49 | |
| ESC pressed | 1 | |
| Enter build submenu | 14 | |
| Enter hero's abilities submenu | 6 | |
| Give item / drop item | 1 | |
| Right click | 615 | |
| Select / deselect | 215 | |
| Select group hotkey | 286 | |
| Use ability | 97 | |
1374 total
» units
| Acolyte | 2 | |
| Ghoul | 1 | |
| Crypt Fiend | 11 | |
| Frost Wyrm | 3 | |
17 total
» upgrades
| Web | 1 | |
| Burrow | 1 | |
| Creature Attack | 1 | |
3 total
» buildings
| Crypt | 1 | |
| Graveyard | 1 | |
| Altar of Darkness | 1 | |
| Ziggurat | 6 | |
| Tomb of Relics | 1 | |
| Halls of the Dead | 1 | |
| Sacrificial Pit | 1 | |
| Black Citadel | 1 | |
| Boneyard | 2 | |
15 total
» build order
00:19 Crypt
00:21 Graveyard
01:01 Altar of Darkness
01:11 Ziggurat
01:35 Tomb of Relics
02:12 Ziggurat
04:09 Halls of the Dead
04:42 Ziggurat
07:30 Sacrificial Pit
07:33 Ziggurat
09:42 Black Citadel
11:39 Ziggurat
12:22 Boneyard
13:03 Boneyard
19:27 Ziggurat
» items
| Rod of Necromancy | 2 | |
| Scroll of Town Portal | 7 | |
| Potion of Healing | 2 | |
| Circlet of Nobility | 1 | |
| Potion of Lesser Invulnerability | 1 | |
| Tome of Retraining | 1 | |
| Scroll of Healing | 1 | |
| Lesser Clarity Potion | 1 | |
| Scroll of Speed | 1 | |
17 total
M1ss1l (
yellow | 91 APM | 1878 actions | 20:32)
2 Tauren Chieftain
1 War Stomp
1 Endurance Aura
2 Shadow Hunter
1 Healing Wave
1 Hex
» actions
| Assign group hotkey | 38 | |
| Basic commands | 183 | |
| Build / train | 55 | |
| ESC pressed | 3 | |
| Enter build submenu | 30 | |
| Enter hero's abilities submenu | 4 | |
| Give item / drop item | 2 | |
| Remove unit from queue | 1 | |
| Right click | 732 | |
| Select / deselect | 502 | |
| Select group hotkey | 261 | |
| Use ability | 66 | |
1878 total
» units
| Peon | 8 | |
| Troll Headhunter/Berserker | 18 | |
| Demolisher | 3 | |
29 total
» upgrades
| Ranged Weapons | 3 | |
| Troll Regeneration | 1 | |
| Berserker Upgrade | 1 | |
| Shaman Training | 1 | |
| Burning Oil | 1 | |
| Reinforced Defenses | 1 | |
8 total
» buildings
| Altar of Storms | 1 | |
| Orc Burrow | 15 | |
| War Mill | 1 | |
| Barracks | 2 | |
| Watch Tower | 8 | |
| Stronghold | 1 | |
| Voodoo Lounge | 1 | |
| Fortress | 1 | |
| Spirit Lodge | 1 | |
31 total
» build order
00:05 Altar of Storms
00:16 Orc Burrow
00:39 War Mill
01:33 Barracks
01:52 Orc Burrow
02:23 Orc Burrow
02:37 Orc Burrow
03:02 Watch Tower
03:59 Stronghold
05:09 Voodoo Lounge
07:23 Barracks
07:31 Fortress
08:43 Watch Tower
09:04 Watch Tower
09:06 Watch Tower
09:58 Orc Burrow
11:38 Spirit Lodge
14:34 Orc Burrow
15:06 Orc Burrow
15:28 Orc Burrow
15:36 Orc Burrow
16:47 Orc Burrow
17:08 Orc Burrow
17:55 Orc Burrow
17:58 Orc Burrow
18:32 Orc Burrow
18:35 Orc Burrow
18:41 Watch Tower
18:43 Watch Tower
18:45 Watch Tower
18:47 Watch Tower
» items
| Scroll of Regeneration | 1 | |
| Healing Salve | 1 | |
| Potion of Mana | 3 | |
| Scroll of Town Portal | 2 | |
| Potion of Healing | 2 | |
9 total
WatchOut_ (
red | 107 APM | 2207 actions | 20:31)
4 Mountain King
2 Storm Bolt
2 Bash
2 Paladin
1 Holy Light
1 Devotion Aura
» actions
| Basic commands | 170 | |
| Build / train | 68 | |
| ESC pressed | 3 | |
| Enter build submenu | 15 | |
| Enter hero's abilities submenu | 6 | |
| Right click | 1559 | |
| Select / deselect | 321 | |
| Use ability | 65 | |
2207 total
» units
| Peasant | 19 | |
| Footman | 11 | |
| Knight | 7 | |
| Priest | 4 | |
41 total
» upgrades
| Defend | 1 | |
| Swords | 2 | |
| Plating | 2 | |
| Priest Training | 1 | |
| Animal War Training | 1 | |
7 total
» buildings
| Altar of Kings | 1 | |
| Farm | 8 | |
| Barracks | 1 | |
| Arcane Vault | 1 | |
| Blacksmith | 1 | |
| Keep | 1 | |
| Castle | 1 | |
| Town Hall | 1 | |
| Lumber Mill | 1 | |
| Arcane Sanctum | 1 | |
17 total
» build order
00:04 Altar of Kings
00:05 Farm
00:35 Barracks
01:03 Farm
01:21 Arcane Vault
01:59 Farm
03:01 Blacksmith
04:25 Keep
07:10 Farm
07:11 Castle
07:12 Farm
08:37 Town Hall
09:44 Lumber Mill
11:09 Arcane Sanctum
13:47 Farm
15:12 Farm
17:27 Farm
» items
| Circlet of Nobility | 1 | |
| Boots of Speed | 1 | |
| Scroll of Regeneration | 1 | |
| Lesser Clarity Potion | 1 | |
| Potion of Healing | 1 | |
| Scroll of Town Portal | 2 | |
| Scroll of Protection | 1 | |
8 total
team 2 (winner)
CoLeGePaRtYeR17 (
orange | 110 APM | 2264 actions | 20:32)
3 Archmage
2 Summon Water Elemental
1 Brilliance Aura
2 Mountain King
1 Storm Bolt
1 Bash
» actions
| Assign group hotkey | 54 | |
| Basic commands | 153 | |
| Build / train | 57 | |
| ESC pressed | 9 | |
| Enter build submenu | 22 | |
| Enter hero's abilities submenu | 5 | |
| Right click | 1056 | |
| Select / deselect | 454 | |
| Select group hotkey | 340 | |
| Use ability | 114 | |
2264 total
» units
| Peasant | 8 | |
| Footman | 10 | |
| Sorceress | 7 | |
| Priest | 3 | |
| Spell Breaker | 5 | |
33 total
» upgrades
| Defend | 1 | |
| Sorceress Training | 2 | |
| Priest Training | 2 | |
| Magic Sentry | 1 | |
| Plating | 1 | |
7 total
» buildings
| Altar of Kings | 1 | |
| Barracks | 2 | |
| Farm | 9 | |
| Arcane Vault | 1 | |
| Scout Tower | 1 | |
| Arcane Tower | 1 | |
| Keep | 1 | |
| Arcane Sanctum | 2 | |
| Castle | 2 | |
| Lumber Mill | 1 | |
| Blacksmith | 1 | |
22 total
» build order
00:04 Altar of Kings
00:08 Barracks
00:49 Farm
01:45 Farm
02:26 Arcane Vault
02:45 Scout Tower
03:04 Farm
03:14 Arcane Tower
04:10 Farm
05:04 Keep
06:10 Farm
06:13 Farm
07:25 Farm
07:29 Arcane Sanctum
07:31 Arcane Sanctum
08:03 Farm
11:25 Farm
12:39 Castle
12:40 Castle
17:06 Lumber Mill
18:37 Barracks
18:39 Blacksmith
» items
| Scroll of Regeneration | 2 | |
| Lesser Clarity Potion | 2 | |
| Scroll of Town Portal | 1 | |
5 total
GODIEPLZ (
teal | 129 APM | 2646 actions | 20:32)
4 Death Knight
2 Death Coil
2 Unholy Aura
2 Lich
1 Frost Nova
1 Frost Armor
1 Crypt Lord
1 Impale
» actions
| Assign group hotkey | 24 | |
| Basic commands | 139 | |
| Build / train | 50 | |
| ESC pressed | 1 | |
| Enter build submenu | 14 | |
| Enter hero's abilities submenu | 7 | |
| Give item / drop item | 1 | |
| Right click | 1311 | |
| Select / deselect | 603 | |
| Select group hotkey | 404 | |
| Use ability | 89 | |
2646 total
» units
| Acolyte | 3 | |
| Ghoul | 3 | |
| Crypt Fiend | 11 | |
| Obsidian Statue | 4 | |
21 total
» upgrades
| Burrow | 1 | |
| Creature Attack | 3 | |
| Destroyer Form | 1 | |
| Web | 1 | |
| Creature Carapace | 2 | |
8 total
» buildings
| Crypt | 1 | |
| Graveyard | 1 | |
| Altar of Darkness | 1 | |
| Ziggurat | 6 | |
| Tomb of Relics | 2 | |
| Nerubian Tower | 1 | |
| Halls of the Dead | 1 | |
| Slaughterhouse | 1 | |
| Black Citadel | 1 | |
| Sacrificial Pit | 1 | |
16 total
» build order
00:09 Crypt
00:18 Graveyard
00:44 Altar of Darkness
01:01 Ziggurat
01:26 Tomb of Relics
02:05 Ziggurat
03:17 Nerubian Tower
04:24 Halls of the Dead
04:46 Ziggurat
07:18 Slaughterhouse
07:22 Black Citadel
08:34 Ziggurat
09:45 Ziggurat
11:19 Ziggurat
11:41 Sacrificial Pit
17:23 Tomb of Relics
» items
| Rod of Necromancy | 3 | |
| Dust of Appearance | 1 | |
| Orb of Corruption | 1 | |
| Scroll of Town Portal | 2 | |
| Potion of Mana | 1 | |
8 total

»
JumpStop (
pink | 138 APM | 2845 actions | 20:32)
5 Archmage
3 Summon Water Elemental
2 Brilliance Aura
2 Blood Mage
1 Flame Strike
1 Siphon Mana
» actions
| Assign group hotkey | 63 | |
| Basic commands | 46 | |
| Build / train | 95 | |
| ESC pressed | 12 | |
| Enter build submenu | 48 | |
| Enter hero's abilities submenu | 8 | |
| Give item / drop item | 3 | |
| Right click | 1360 | |
| Select / deselect | 472 | |
| Select group hotkey | 607 | |
| Use ability | 131 | |
2845 total
» units
| Peasant | 29 | |
| Footman | 12 | |
| Dragonhawk Rider | 1 | |
| Gryphon Rider | 8 | |
50 total
» upgrades
| Masonry | 3 | |
| Defend | 1 | |
| Swords | 3 | |
| Storm Hammers | 1 | |
| Animal War Training | 1 | |
9 total
» buildings
| Altar of Kings | 1 | |
| Barracks | 1 | |
| Farm | 11 | |
| Lumber Mill | 1 | |
| Town Hall | 3 | |
| Scout Tower | 23 | |
| Guard Tower | 13 | |
| Keep | 1 | |
| Arcane Vault | 2 | |
| Blacksmith | 1 | |
| Castle | 1 | |
| Gryphon Aviary | 4 | |
62 total
» build order
00:05 Altar of Kings
00:19 Barracks
00:33 Farm
00:48 Farm
01:55 Farm
02:25 Lumber Mill
03:17 Town Hall
04:04 Scout Tower
04:35 Scout Tower
04:36 Guard Tower
05:01 Scout Tower
05:12 Guard Tower
05:31 Guard Tower
05:37 Scout Tower
05:42 Keep
05:59 Arcane Vault
06:00 Scout Tower
06:02 Scout Tower
06:12 Guard Tower
06:39 Guard Tower
06:40 Guard Tower
06:41 Scout Tower
06:44 Blacksmith
07:17 Farm
07:19 Scout Tower
07:21 Guard Tower
07:22 Farm
07:56 Guard Tower
07:58 Scout Tower
08:24 Farm
08:27 Castle
08:38 Guard Tower
08:39 Farm
08:48 Gryphon Aviary
08:51 Gryphon Aviary
09:33 Gryphon Aviary
09:34 Gryphon Aviary
09:51 Farm
11:23 Farm
11:50 Farm
14:04 Arcane Vault
16:34 Town Hall
16:51 Scout Tower
16:52 Scout Tower
16:53 Scout Tower
17:21 Guard Tower
17:24 Guard Tower
17:25 Scout Tower
17:26 Scout Tower
17:27 Scout Tower
17:48 Farm
18:05 Scout Tower
18:07 Scout Tower
18:49 Guard Tower
19:10 Scout Tower
19:12 Scout Tower
19:12 Scout Tower
19:14 Scout Tower
19:14 Scout Tower
19:27 Town Hall
19:31 Scout Tower
20:03 Guard Tower
» items
| Lesser Clarity Potion | 2 | |
| Scroll of Town Portal | 5 | |
| Scroll of Regeneration | 2 | |
9 total
Chat log
(00:08 / All) JumpStop: emerald fury?
(00:15 / All) GODIEPLZ: is that a sonic game
(00:25 / All) M1ss1l: its like topaz_fury
(00:26 / All) JumpStop: we are going to own u like peter pan does captain hook
(00:28 / All) M1ss1l: or diamond_fury
(00:33 / All) Emerald_FuRy: oh snap
(00:35 / All) GODIEPLZ: dude id dint rally my acos
(00:36 / All) GODIEPLZ: to my goldmine
(00:45 / Allies) JumpStop: ima take dis
(00:48 / All) Emerald_FuRy: sucks bro
(01:05 / Allies) GODIEPLZ: watch out
(01:07 / Allies) GODIEPLZ: one is 5-1 rt
(01:08 / All) M1ss1l: there is something called allie chat
(01:09 / All) M1ss1l: use it
(01:14 / All) JumpStop: do you see
(01:17 / All) JumpStop: the hypocrisy
(01:25 / All) M1ss1l: o so u know big words
(01:28 / All) M1ss1l: u must be smart
(01:31 / All) GODIEPLZ: hypocrisy = big word
(01:33 / All) CoLeGePaRtYeR17: dont mess with him bro
(01:34 / All) JumpStop: u mean normal words
(01:35 / All) CoLeGePaRtYeR17: seriously
(01:35 / All) JumpStop: lol
(01:39 / All) CoLeGePaRtYeR17: last guy to try to take his girl
(01:40 / All) CoLeGePaRtYeR17: got rocked
(01:44 / All) M1ss1l: not for ur lvl
(01:47 / All) M1ss1l: its not normal
(02:00 / All) GODIEPLZ: dog what u talkin about..
(02:07 / Allies) JumpStop: tc hh?
(02:08 / All) Emerald_FuRy: he's gellin'
(02:13 / Allies) GODIEPLZ: tc hh is good
(02:37 / Allies) GODIEPLZ: tc hh will rock us if he gets 3
(02:39 / Allies) GODIEPLZ: ~~~ pz
(04:10 / Allies) GODIEPLZ: man imagine if ud had orc salves
(04:11 / Allies) GODIEPLZ: at tier 1
(04:19 / Allies) CoLeGePaRtYeR17: wtf
(07:36 / All) GODIEPLZ: you guys are like mini versions
(07:39 / All) GODIEPLZ: Of actual good players
(07:46 / All) WatchOut_: lol
(08:14 / Allies) JumpStop: leech just in time!
(08:15 / Allies) JumpStop: way to go
(08:21 / Allies) GODIEPLZ: was using fountain
(08:22 / Allies) GODIEPLZ: sorry son
(08:33 / Allies) JumpStop: ;x
(09:13 / Allies) JumpStop: go orange
(09:18 / Allies) CoLeGePaRtYeR17: sure man!
(10:04 / All) GODIEPLZ: towers are a cop out
(11:01 / Allies) JumpStop: out
(13:57 / Allies) JumpStop: owned